cohdb
Replays
Latest Replays
All Replays
Popular Replays
Top Player Replays
Match Explorer
How It Works
Community
CoH3 Stats
Reddit
Sign in to upload your games and track your stats! →
Sign in with Steam
Match 45294509
Unlisted
Match 45294509
Overview
Messages
Build Orders
End
Pioneer Squad
Construct Infanterie Kompanie
Grenadier Squad
Grenadier Squad
Grenadier Squad
MG 42 Machine Gun Team
Infanterie Officer Quarters
Construct Panzergrenadier Kompanie
251 Medium Carrier
Pak 40 Anti-tank Gun Team
Support Elements
StuG III G Assault Gun
Medical Bunker
Nebelwerfer 42 Rocket Launcher Team
Selects Breakthrough Battlegroup
Selects Assault Grenadiers
Selects Breakthrough
Selects Incendiary Bombing Run
Selects Rapid Production
Construct Panzer Kompanie
Panzer IV Medium Tank
Panzergrenadier Officer Quarters
Side Skirts
Selects Blitzkrieg
Selects Tiger Heavy Tank
Panzer IV Medium Tank
Panzer Officer Quarters
Incendiary Bombing Run
Pioneer Squad
hello
YourMom'sPiesSoHotRightNow
ConcernedApe
A Hard Boiled Egg
0
0
Comments
sign in to comment!
No comments posted yet!